 Dungeon Crawl Stone Soup version 0.22.1-1-ga44c0e56f4 (webtiles) character file.

1292 Gargoyl the Chopper (level 8, -1/67 HPs)
             Began as a Centaur Abyssal Knight on Oct 26, 2018.
             Was a Priest of Lugonu.
             Slain by Harold
             ... wielding a +2 war axe of holy wrath
              (10 damage)
             ... on level 7 of the Dungeon.
             The game lasted 00:10:22 (6108 turns).

Gargoyl the Chopper (Centaur Abyssal Knight)        Turns: 6108, Time: 00:10:23

Health: -1/67      AC: 10    Str: 16    XL:     8   Next: 30%
Magic:  4/11       EV:  9    Int: 16    God:    Lugonu [***...]
Gold:   307        SH:  0    Dex: 10    Spells: 7/7 levels left

rFire    . . .     SeeInvis .   f - +5 battleaxe of the Throat {flame, Stlth+}
rCold    . . .     Gourm    .   (shield currently unavailable)
rNeg     . . .     Faith    .   p - +4 ring mail
rPois    .         Spirit   .   (no helmet)
rElec    .         Reflect  .   (no cloak)
rCorr    +         Harm     .   (no gloves)
MR       .....                  (no barding)
Stlth    +.........             i - amulet of magic regeneration
HPRegen  0.21/turn              j - ring of resist corrosion (curse)
MPRegen  0.37/turn              (no ring)

@: brilliant, very quick
A: large, hooves 3, deformed body, speed 2, tough skin 3
a: Depart the Abyss, Bend Space, Banish, Renounce Religion


You were on level 7 of the Dungeon.
You worshipped Lugonu.
Lugonu was most pleased with you.
You were not hungry.

You visited 1 branch of the dungeon, and saw 7 of its levels.
You visited the Abyss 1 time.

You collected 307 gold pieces.

Inventory:

Hand Weapons
 f - the +5 battleaxe of the Throat (weapon) {flame, Stlth+}
   (You found it on level 2 of the Abyss)

   It has been specially enchanted to burn those struck by it, causing extra
   injury to most foes and up to half again as much damage against particularly
   susceptible opponents.
   Big, fiery blades are also staple armaments of hydra-hunters.
   It makes you more stealthy.
 o - a +2 hand axe of chopping
Armour
 p - a +4 ring mail (worn)
Jewellery
 i - an amulet of magic regeneration (around neck)
 j - a cursed ring of resist corrosion (left hand)
 s - a cursed -2 ring of protection {unknown}
Scrolls
 a - 2 scrolls of amnesia
 d - a scroll of enchant weapon
 e - a scroll of magic mapping
 h - a scroll of identify
 n - a scroll of remove curse
Potions
 b - a potion of magic
 k - 2 potions of might
 m - 2 potions of haste
 q - a potion of curing {unknown}
Comestibles
 c - 10 rations
 r - 17 chunks of flesh


   Skills:
 + Level 4.7 Fighting
 + Level 6.0 Axes
 * Level 4.0 Armour
 + Level 1.8 Dodging
 * Level 4.8 Invocations


You had 7 spell levels left.
You didn't know any spells.
Your spell library was empty.

Dungeon Overview and Level Annotations

Branches:
Dungeon (8/15)             Temple (0/1) D:5
   Lair: D:8-11

Altars:
Elyvilon
Qazlal
The Shining One

Annotations:
D:7 Harold


Innate Abilities, Weirdness & Mutations

You have hooves in place of feet.
Armour fits poorly on your strangely shaped body.
You cover ground very quickly.
You have extremely tough skin. (AC +3)


Message History

Harold hits you with a war axe of holy wrath!
* * * LOW HITPOINT WARNING * * *
It was a potion of brilliance.
You feel clever all of a sudden.
Press: ? - help, Shift-Dir - straight line, f - Harold
Aim: Harold, wielding a war axe of holy wrath and wearing a shiny chain mail Harold resists with almost no effort.
You feel somewhat more hungry.
You can no longer corrupt the fabric of space.
Harold hits you with a war axe of holy wrath.
* * * LOW HITPOINT WARNING * * *
Press: ? - help, Shift-Dir - straight line, f/p - Harold
Aim: Harold, wielding a war axe of holy wrath and wearing a shiny chain mail Harold resists with almost no effort.
You feel somewhat more hungry. Harold barely misses you.
You don't have enough magic at the moment.
Unknown command.
You barely miss Harold.
Harold is almost dead.
Harold hits you with a war axe of holy wrath!
You die...

#.........#. ....
..................
..(#..#.........
#####)##.#.........
#...))...#......... ..
#)##..#).#.........
....##)#>.##(..........#
#...)))..............#
#..###.###(...@@.....#
#.... #.# ##..........#
#.## ..# #..........# #
..## ##....###### .#
##.#)# # #?..# ##..# ..#


You could see Harold.

Vanquished Creatures
  The ghost of Anaphory the Digger, an amateur GrEE (D:3)
  A black bear (D:4)
  An ogre (D:5)
  2 centaurs
  A big kobold (D:8)
  A bullfrog (D:8)
  A scorpion (D:5)
  A howler monkey (D:4)
  A bullfrog zombie (D:5)
  2 hounds (D:4)
  A jelly (D:3)
  A gnoll shaman (D:7)
  3 orc wizards (D:2)
  A bullfrog skeleton (D:4)
  An orc priest (D:3)
  An iguana (D:4)
  A worker ant (D:4)
  6 gnolls
  7 adders
  10 oozes
  3 worms (D:3)
  A dart slug (D:2)
  5 leopard geckos
  11 orcs
  6 giant cockroaches
  5 goblins
  7 hobgoblins
  5 jackals
  26 kobolds
  2 quokkas
  A ball python (D:4)
  6 bats
  9 frilled lizards
  A jackal zombie (D:5)
  7 rats
139 creatures vanquished.

Vanquished Creatures (others)
  9 toadstools (D:3)
9 creatures vanquished.

Grand Total: 148 creatures vanquished

Notes
Turn   | Place    | Note
-------+----------+-------------------------------------------
     0 | Abyss:1  | Gargoyl the Centaur Abyssal Knight began the quest for the
                  | Orb.
     0 | Abyss:1  | Reached XP level 1. HP: 19/19 MP: 2/2
    13 | Abyss:1  | Found a corrupted altar of Lugonu.
   105 | Abyss:2  | Got a transparent battleaxe
   106 | Abyss:2  | Identified the +5 battleaxe of the Throat {flame, Stlth+}
                  | (You found it on level 2 of the Abyss)
   132 | Abyss:2  | Noticed a thrashing horror
   133 | D:1      | Escaped the Abyss
   302 | D:1      | Reached * piety under Lugonu
   302 | D:1      | Reached XP level 2. HP: 17/26 MP: 3/3
   663 | D:1      | Reached skill level 2 in Axes
   766 | D:1      | Reached XP level 3. HP: 32/33 MP: 4/4
  1682 | D:2      | Reached XP level 4. HP: 30/40 MP: 5/5
  1683 | D:2      | Reached skill level 1 in Dodging
  1692 | D:2      | Reached skill level 3 in Axes
  1692 | D:2      | Reached XP level 5. HP: 27/46 MP: 7/7
  1997 | D:2      | Found a faded altar of an unknown god.
  2654 | D:3      | Found a large runed door.
  2654 | D:3      | Found a large runed door.
  2692 | D:3      | Noticed Anaphory's ghost (amateur GrEE)
  2861 | D:3      | Killed Anaphory's ghost
  2861 | D:3      | Reached ** piety under Lugonu
  2861 | D:3      | Reached XP level 6. HP: 38/52 MP: 8/8
  3060 | D:3      | Reached skill level 4 in Axes
  3597 | D:3      | Found a white marble altar of Elyvilon.
  4367 | D:4      | Reached *** piety under Lugonu
  4367 | D:4      | Reached XP level 7. HP: 39/59 MP: 9/9
  5211 | D:4      | Found a stormy altar of Qazlal.
  5315 | D:4      | Reached skill level 5 in Axes
  5405 | D:5      | Entered Level 5 of the Dungeon
  5690 | D:5      | Found a staircase to the Ecumenical Temple.
  5723 | D:5      | Found a glowing golden altar of the Shining One.
  5892 | D:5      | You fall through a shaft for 3 floors!
  5931 | D:8      | Reached XP level 8. HP: 57/67 MP: 11/11
  6048 | D:7      | Reached **** piety under Lugonu
  6059 | D:7      | Reached skill level 6 in Axes
  6087 | D:7      | Noticed Harold
  6108 | D:7      | Slain by Harold

Skill      XL: |  1  2  3  4  5  6  7  8 |
---------------+-------------------------+-----
Axes           | 2 3 4 5 6 |  6.0
Dodging        | 1 |  1.8
Armour         | 2 3 4 |  4.0
Invocations    | 3 4 |  4.8
Fighting       | 4 |  4.7

Action                   |  1- 3 |  4- 6 |  7- 9 || total
-------------------------+-------+-------+-------++-------
Melee: Battleaxe         |    62 |   132 |    87 ||   281
       Kick              |     6 |    19 |    12 ||    37
Invok: Depart the Abyss  |     1 |       |       ||     1
       Banish            |       |       |     2 ||     2
  Use: Scroll            |     2 |    13 |     4 ||    19
       Potion            |       |     3 |     2 ||     5
 Stab: Sleeping          |       |     1 |       ||     1
  Eat: Chunk             |     1 |     4 |     5 ||    10
       Ration            |       |     1 |       ||     1
Armor: Leather armour    |    21 |    11 |       ||    32
       Ring mail         |       |    74 |    47 ||   121
Dodge: Dodged            |    43 |    85 |    61 ||   189
